 Dungeon Crawl Stone Soup version 0.29-a0-243-g602b31c20e (webtiles) character file.

Game seed: 14741670254366035939

227252 Crownlay the Dancer (level 19, 0/149 HPs)
             Began as a Gnoll Ice Elementalist on Mar 3, 2022.
             Was the Champion of Uskayaw.
             Succumbed to barbed spike wounds
             ... on level 4 of the Shoals on Mar 4, 2022.
             The game lasted 02:32:07 (50290 turns).

Crownlay the Dancer (Gnoll Ice Elementalist)       Turns: 50290, Time: 02:32:07

Health: 0/149      AC: 17    Str:  9    XL:     19   Next: 38%
Magic:  5/36       EV: 19    Int: 28    God:    Uskayaw [******]
Gold:   1301       SH: 13    Dex: 15    Spells: 18/45 levels left

rFire   . . .      SeeInvis +   Q - +4 demon trident (freeze)
rCold   + . .      Faith    .   s - +0 kite shield {reflect}
rNeg    + + .      Spirit   .   p - +0 robe {Will+}
rPois   +          Reflect  +   n - +2 helmet {SInv}
rElec   .          Harm     .   P - scarf {rC+ rF+}
rCorr   .          Rampage  .   D - +2 pair of gloves {hurl}
Will    ++++.                   U - +1 pair of boots
Stlth   +++++.....              T - amulet "Ighal" {Acrobat Will++ Int+4 Slay+2}
HPRegen 0.34/turn               Y - ring of the Octopus King {Wiz AC+1 EV+1 Str+1 Int+1 Dex+1}
MPRegen 0.25/turn               F - ring "Iriteph" {rPois rF- rN++ AC+4 Int+2}

@: marked, spiked, unable to drink
A: fangs 1, strong nose, distributed training, inhibited regeneration
}: 1/15 runes: serpentine
a: Renounce Religion, Stomp, Line Pass, Grand Finale


You were on level 4 of the Shoals.
You worshipped Uskayaw.
Uskayaw was pleased with you.
You visited 6 branches of the dungeon, and saw 32 of its levels.
You visited the Abyss 1 time.
You also visited: Sewer, Ossuary, Bailey and Ice Cave.

You collected 3568 gold pieces.
You spent 2267 gold pieces at shops.

Inventory:

Hand Weapons
 q - the +3 mace of Duty {spect, rC+ Dex+3}
   (You found it on level 4 of the Dungeon)

   When its wielder attacks, the weapon's spirit leaps out and strikes again.
   The spirit shares a part of any damage it takes with its wielder.
   Dex:       It affects your dexterity (+3).
   rC:        It protects you from cold.
 Q - a +4 demon trident of freezing (weapon)
Missiles
 x - 18 boomerangs (quivered)
 C - 7 silver boomerangs
 G - 2 throwing nets
 L - 17 poisoned darts
 W - 12 javelins
Armour
 n - a +2 helmet of see invisible (worn)
 p - a +0 robe of willpower (worn)
 s - a +0 kite shield of reflection (worn)
 v - the +1 crystal plate armour of Vexation {Regen+ Int+5}
   (You took it off an orc warrior in a bailey)

   Int:       It affects your intelligence (+5).
   Regen:     It increases your rate of health regeneration.
 D - a +2 pair of gloves of hurling (worn)
 P - a scarf of resistance (worn)
 S - +0 ice dragon scales
 U - a +1 pair of boots (worn)
Magical Staves
 X - a staff of fire
Jewellery
 F - the ring "Iriteph" (right hand) {rPois rF- rN++ AC+4 Int+2}
   (You found it in an ice cave)

   [ring of protection]

   AC:        It affects your AC (+4).
   Int:       It affects your intelligence (+2).
   rF:        It makes you vulnerable to fire.
   rPois:     It protects you from poison.
   rN:        It greatly protects you from negative energy.
 T - the amulet "Ighal" (around neck) {Acrobat Will++ Int+4 Slay+2}
   (You bought it in a shop on level 2 of the Snake Pit)

   [amulet of the acrobat]

   It increases your evasion while moving and waiting.
   Int:       It affects your intelligence (+4).
   Slay:      It affects your accuracy & damage with ranged weapons and melee
   (+2).
   Will:      It greatly increases your willpower.
 Y - a ring of the Octopus King (left hand) {Wiz AC+1 EV+1 Str+1 Int+1 Dex+1}
   (You found it on level 6 of the Lair of Beasts)

   [ring of wizardry]

   It improves your spell success rate.
   AC:        It affects your AC (+1).
   EV:        It affects your evasion (+1).
   Str:       It affects your strength (+1).
   Int:       It affects your intelligence (+1).
   Dex:       It affects your dexterity (+1).
Wands
 a - a wand of flame (25)
 h - a wand of iceblast (11)
 i - a wand of digging (19)
 j - a wand of polymorph (11)
 y - a wand of mindburst (19)
 A - a wand of acid (19)
 M - a wand of paralysis (3)
 Z - a wand of charming (4)
Scrolls
 e - 9 scrolls of amnesia
 k - 3 scrolls of summoning
 l - 4 scrolls of fog
 z - a scroll of silence
 H - 6 scrolls of fear
 I - 13 scrolls of teleportation
 O - 15 scrolls of identify
 R - a scroll of magic mapping
 V - a scroll of blinking
Potions
 c - 6 potions of magic
 f - 2 potions of berserk rage
 g - 7 potions of heal wounds
 m - 4 potions of haste
 o - 4 potions of might
 r - 4 potions of cancellation
 t - 7 potions of brilliance
 u - 13 potions of curing
 w - 3 potions of invisibility
 B - a potion of mutation
 E - 7 potions of resistance
 J - 3 potions of flight
 N - 3 potions of ambrosia


   Skills:
 + Level 13.0 Fighting
 + Level 13.0 Short Blades
 + Level 13.0 Long Blades
 + Level 13.0 Axes
 + Level 13.0 Maces & Flails
 + Level 13.0 Polearms
 + Level 13.0 Staves
 + Level 13.0 Slings
 + Level 13.0 Bows
 + Level 13.0 Crossbows
 + Level 13.0 Throwing
 + Level 13.0 Armour
 + Level 13.8 Dodging
 + Level 13.7 Stealth
 + Level 13.0 Shields
 + Level 13.0 Unarmed Combat
 + Level 13.9 Spellcasting
 + Level 11.1 Conjurations
 + Level 11.1 Hexes
 + Level 11.1 Summonings
 + Level 11.1 Necromancy
 + Level 11.1 Translocations
 + Level 11.1 Transmutations
 + Level 11.1 Fire Magic
 + Level 13.0 Ice Magic
 + Level 11.1 Air Magic
 + Level 11.1 Earth Magic
 + Level 11.1 Poison Magic
 + Level 14.1 Invocations
 + Level 13.0 Evocations


You had 18 spell levels left.
You knew the following spells:

 Your Spells              Type           Power      Damage    Failure   Level
a - Freeze                Ice            100%       1d11      1%          1
b - Frozen Ramparts       Ice            100%       1d12      1%          3
c - Ozocubu's Armour      Ice            75%        N/A       1%          3
d - Hailstorm             Conj/Ice       72%        3d15      1%          4
e - Fireball              Conj/Fire      34%        3d14      1%          5
f - Dispel Undead         Necr           69%        3d23      1%          4
g - Ozocubu's Refrigerat  Ice            37%        4d12      9%          7

Your spell library contained the following spells:

 Spells                   Type           Power      Damage    Failure   Level
 Beastly Appendage        Tmut           100%       N/A       1%          1
 Magic Dart               Conj           100%       1d8       1%          1
 Slow                     Hex            100%       N/A       1%          1
 Corpse Rot               Necr/Air       100%       N/A       1%          2
 Poisonous Vapours        Pois/Air       100%       N/A       1%          2
 Wereblood                Tmut           69%        N/A       1%          2
 Call Canine Familiar     Summ           69%        N/A       1%          3
 Confusing Touch          Hex            69%        N/A       1%          3
 Gell's Gravitas          Tloc           69%        N/A       1%          3
 Lesser Beckoning         Tloc           69%        N/A       1%          3
 Mephitic Cloud           Conj/Pois/Air  69%        N/A       1%          3
 Portal Projectile        Hex/Tloc       100%       N/A       1%          3
 Spider Form              Tmut/Pois      69%        N/A       1%          3
 Teleport Other           Tloc           69%        N/A       1%          3
 Vampiric Draining        Necr           69%        2d10      1%          3
 Ice Form                 Ice/Tmut       72%        N/A       1%          4
 Leda's Liquefaction      Hex/Erth       34%        N/A       1%          4
 Passage of Golubria      Tloc           69%        N/A       1%          4
 Summon Ice Beast         Ice/Summ       72%        N/A       1%          4
 Iskenderun's Battlesphe  Conj           69%        2d12      1%          5
 Silence                  Hex/Air        34%        N/A       1%          5
 Summon Mana Viper        Hex/Summ       69%        N/A       1%          5
 Conjure Ball Lightning   Conj/Air       34%        3x3d11    3%          6
 Death Channel            Necr           34%        N/A       3%          6
 Dispersal                Tloc           34%        N/A       3%          6
 Starburst                Conj/Fire      34%        6d10      3%          6
 Monstrous Menagerie      Summ           34%        N/A       17%         7
 Orb of Destruction       Conj           34%        9d10      17%         7
 Ignition                 Fire           34%        3d11      77%         8
 Lehudib's Crystal Spear  Conj/Erth      34%        10d9      77%         8
 Fire Storm               Conj/Fire      34%        8d9       100%        9


Dungeon Overview and Level Annotations

Branches:
Dungeon (15/15)            Temple (1/1) D:6            Lair (6/6) D:8
 Shoals (4/4) Lair:3        Snake (4/4) Lair:4        Slime (0/5) Lair:5
    Orc (2/2) D:10            Elf (0/3) Orc:2        Vaults (0/5) D:13
 Depths (0/4) D:15          Sewer (visited)         Ossuary (visited)
 Bailey (visited)           IceCv (visited)

Altars:
Ashenzari
Cheibriados
Dithmenos
Elyvilon
Fedhas
Gozag
Hepliaklqana
Kikubaaqudgha
Makhleb
Nemelex Xobeh
Okawaru
Qazlal
Ru
Sif Muna
Trog
Uskayaw
Vehumet
Wu Jian
Xom
Yredelemnul
Zin
The Shining One
Beogh

Shops:
D:3 *   D:9 !   Orc:1 *   Orc:2 [[(=   Shoals:2 *   Snake:2 :==

Annotations:
Lair:2 2 transporters, NigelTetley's ghost, journeyman DECj
Orc:1 2 transporters, Crownlay's ghost, journeyman GrEE


Innate Abilities, Weirdness & Mutations

You have very sharp teeth.
Your uncanny sense of smell can sniff out nearby items.
Your experience applies equally to all skills.
You do not regenerate when monsters are visible.


Message History

The wall freezes the sea snake!
A manticore comes into view.
The wall freezes the snapping turtle.
The snapping turtle bites you!
* * * LOW HITPOINT WARNING * * *
The wall freezes the sea snake.
The wall freezes the merfolk!
You block the merfolk's attack. The snapping turtle bites you!!
* * * LOW HITPOINT WARNING * * *
You cannot drink potions in your current state!
Unknown command.
Blink to where?
Press: ? - help, Dir - move target Your icy armour and frozen ramparts will break if you move.
Continue?
Your icy armour cracks and falls away as you move.
The frozen ramparts melt away as you move.
A merfolk impaler and a merfolk come into view.
The merfolk impaler is wielding a +3 trident of venom.
As you read the scroll of blinking, it crumbles to dust.
The merfolk throws a boomerang.
The boomerang completely misses you.
A merfolk impaler comes into view. It is wielding a +0 trident.
The manticore flicks its tail.
The volley of spikes hits you!
The barbed spikes become lodged in your body.
* * * LOW HITPOINT WARNING * * *
Okay, then.
Blink to where?
Press: ? - help, Dir - move target
As you read the scroll of blinking, it crumbles to dust.
Blink to where?
Press: ? - help, Dir - move target Splash!
You fall into the shallow water.
Moving in this stuff is going to be slow.
As you read the scroll of blinking, it crumbles to dust.
The barbs in your skin will harm you if you move.
Continue?
Okay, then.
You cannot drink potions in your current state!
Okay, then.
The barbs in your skin will harm you if you move.
Continue?
The barbed spikes dig painfully into your body as you move.
You die...

≈≈≈≈≈≈≈≈≈≈≈≈≈...........≈≈≈.# ##.
≈≈≈≈≈≈≈≈≈≈≈.........≈≈..≈≈≈.###..
≈≈≈..#.≈≈≈≈≈≈........≈≈.≈≈≈≈....≈
≈≈...##)≈≈≈........##...≈≈)..≈≈≈≈
.......)..≈≈≈≈≈...###.....#..≈≈≈≈
......≈...≈≈≈≈≈≈..# ###......≈≈≈≈
.H...)≈≈..≈≈≈≈≈≈..####...###..≈≈≈
m.....m≈≈.≈≈≈≈≈≈.##.....###...≈≈≈
.......≈≈≈≈≈≈≈≈≈@<...)..[##...≈≈≈
.§..###.≈≈≈≈≈≈≈≈≈)..........≈≈≈≈≈
....###......≈≈≈≈≈.≈≈≈≈)....≈≈≈≈≈
...............≈≈≈.....≈.≈.≈≈≈≈.≈
........§........≈≈.##.≈≈≈≈......
..!#.≈≈≈..###..........≈≈≈≈≈.....
.....≈≈...##...≈...≈≈..≈≈≈≈......
...≈≈≈≈≈≈...#########...≈≈≈#####.
≈≈.≈≈≈≈≈≈≈.. #....≈## #


There were no monsters in sight!

Vanquished Creatures
  Rupert (D:15)
  Jorgrun (Orc:1)
  A lich (Abyss:3)
  A tentacled starspawn (Abyss:3)
  A kraken (Shoals:2)
  An Executioner (Abyss:3)
  2 thorn hunters (Snake:3)
  A revenant (Abyss:3)
  14 nagarajas
  Louise (Snake:1)
  Aizul (Snake:1)
  A cacodemon (Abyss:3)
  The ghost of Oruaneas the Devastator, a journeyman DrCj of Hepliaklqana (D:14)
  A draconian shifter (Abyss:3)
  An orc warlord (Orc:2)
  A reaper (IceCv)
  Nessos (Orc:2)
  An ettin (Orc:1)
  4 merfolk javelineers
  Josephine (Lair:6)
  7 merfolk impalers
  2 fire dragons (D:15)
  8 hydras
  Erolcha (Orc:1)
  Harold (D:11)
  19 naga warriors
  2 boulder beetles
  5 centaur warriors
  14 anacondas
  An alligator snapping turtle (Shoals:3)
  9 two-headed ogres
  4 alligators (Snake:3)
  3 merfolk aquamancers (Shoals:4)
  3 death knights
  5 satyrs
  9 naga sharpshooters
  Urug (Lair:5)
  2 orc high priests
  6 shock serpents
  5 salamander mystics
  2 sixfirhies
  A shadow wraith (D:13)
  Amaemon (Lair:1)
  8 sea snakes
  2 skeletal warriors
  2 spatial maelstroms (Abyss:3)
  2 swamp dragons (Snake:3)
  2 goliath frogs (Lair:6)
  4 orc knights
  10 naga ritualists
  19 harpies
  2 harpies (shapeshifter) (D:13)
  A wizard (D:15)
  2 deep elf pyromancers
  14 fauns
  20 mana vipers
  An oklob plant (Lair:6)
  7 ugly things
  12 cyclopes
  10 manticores
  A worldbinder (Abyss:3)
  8 salamanders
  An ice statue (IceCv)
  8 merfolk sirens
  6 guardian serpents (Snake:4)
  19 elephants (Lair:6)
  A black mamba (shapeshifter) (D:13)
  3 smoke demons (Abyss:3)
  4 water nymphs
  18 cane toads
  3 gargoyles
  49 black mambas
  Maggie (D:9)
  21 naga magi
  A torpor snail (Lair:5)
  An orange demon (Lair:1)
  2 kobold demonologists (D:12)
  An efreet (Abyss:3)
  4 rime drakes
  3 freezing wraiths
  7 komodo dragons
  8 trolls
  2 tengu conjurers (D:15)
  4 large abominations (Abyss:3)
  7 polar bears
  30 merfolk
  A hornet (D:9)
  9 slime creatures (D:14)
  4 tyrant leeches
  4 wind drakes
  23 blink frogs
  8 raiju (Abyss:3)
  8 snapping turtles
  3 dream sheep (Shoals:1)
  A centaur simulacrum (D:14)
  6 water elementals
  8 wraiths
  57 yaks
  3 wyverns
  5 basilisks
  16 vampire mosquitoes
  4 wargs
  33 nagas
  A spatial vortex (Abyss:3)
  3 harpy simulacra (IceCv)
  6 swamp worms (Snake:3)
  12 water moccasins
  34 orc warriors
  Duvessa (D:7)
  2 sky beasts
  A swamp drake (Snake:3)
  3 ice beasts
  3 ogres
  9 wolves (Lair:3)
  14 centaurs
  3 phantoms
  9 kobold brigands
  An elf zombie (Ossuary)
  2 gnoll sergeants
  2 small abominations (Abyss:3)
  18 bullfrogs
  A necrophage (D:5)
  4 scorpions
  4 two-headed ogre simulacra (IceCv)
  4 cane toad simulacra (IceCv)
  9 wights
  Dowan (D:7)
  6 killer bees (D:11)
  2 elephant simulacra (IceCv)
  6 electric eels
  3 centaur zombies (Ossuary)
  5 lava snakes (D:7)
  A quasit (Abyss:3)
  6 hounds
  5 jellies
  26 orc priests
  A gnoll shaman (D:6)
  2 iron imps
  4 iguanas
  25 orc wizards
  2 polar bear simulacra (IceCv)
  3 spriggan simulacra (IceCv)
  5 troll simulacra (IceCv)
  A wolf simulacrum (IceCv)
  2 ogre zombies (Ossuary)
  7 mummies (Ossuary)
  11 gnolls
  7 river rats
  10 adders
  6 naga simulacra (IceCv)
  9 white imps
  4 ufetubi
  An adder zombie (Ossuary)
  6 worms
  2 dart slugs
  144 orcs
  8 ball pythons
  15 endoplasms
  4 giant cockroaches
  6 goblins
  11 hobgoblins
  41 kobolds
  A quokka (D:1)
  A bat (D:2)
  2 frilled lizards
  2 gnoll zombies (Ossuary)
  4 goblin zombies (Ossuary)
  7 hobgoblin zombies (Ossuary)
  3 kobold zombies (Ossuary)
  4 quokka zombies (Ossuary)
  28 rats
  3 rat zombies (Ossuary)
  A lurking horror (Abyss:3)
  4 tentacles (Shoals:2)
1276 creatures vanquished.

Vanquished Creatures (collateral kills)
  A hydra (Snake:3)
  A mana viper (Snake:3)
  A merfolk (Shoals:2)
3 creatures vanquished.

Vanquished Creatures (others)
  A salamander tyrant (Snake:4)
  A black mamba (Snake:4)
  A harpy simulacrum (Abyss:3)
  2 small abominations (Abyss:3)
  25 fungi
  92 plants
  2 starspawn tentacles (Abyss:3)
  8 tentacles (Shoals:2)
132 creatures vanquished.

Grand Total: 1411 creatures vanquished

Notes
Turn   | Place    | Note
-------+----------+-------------------------------------------
     0 | D:1      | Crownlay the Gnoll Ice Elementalist began the quest for the
                  | Orb.
     0 | D:1      | Reached XP level 1. HP: 13/13 MP: 6/6
   308 | D:1      | Found a faded altar of an unknown god.
   364 | D:1      | Reached XP level 2. HP: 17/20 MP: 4/7
  1002 | D:1      | Reached XP level 3. HP: 21/25 MP: 7/9
  1010 | D:1      | Reached skill level 5 in Spellcasting
  1356 | D:2      | Reached skill level 1 in Invocations
  1570 | D:2      | Reached skill level 1 in Fighting
  1570 | D:2      | Reached skill level 1 in Short Blades
  1570 | D:2      | Reached skill level 1 in Long Blades
  1570 | D:2      | Reached skill level 1 in Axes
  1570 | D:2      | Reached skill level 1 in Maces & Flails
  1570 | D:2      | Reached skill level 1 in Polearms
  1570 | D:2      | Reached skill level 1 in Staves
  1570 | D:2      | Reached skill level 1 in Slings
  1570 | D:2      | Reached skill level 1 in Bows
  1570 | D:2      | Reached skill level 1 in Crossbows
  1570 | D:2      | Reached skill level 1 in Throwing
  1570 | D:2      | Reached skill level 1 in Armour
  1570 | D:2      | Reached skill level 1 in Shields
  1570 | D:2      | Reached skill level 1 in Unarmed Combat
  1570 | D:2      | Reached skill level 1 in Evocations
  1574 | D:2      | Learned a level 3 spell: Frozen Ramparts
  1578 | D:2      | Learned a level 3 spell: Ozocubu's Armour
  1988 | D:3      | Reached XP level 4. HP: 25/32 MP: 11/11
  2087 | D:3      | Found Kugibol's Assorted Antiques.
  2093 | D:3      | Bought a scroll labelled HOFREC WINNYQY for 18 gold pieces
  2093 | D:3      | Bought a scroll labelled TIAVVEOQED for 18 gold pieces
  2093 | D:3      | Bought a scroll labelled EFO FEJETA for 18 gold pieces
  2093 | D:3      | Bought a scroll labelled NISAQ AC UFY for 18 gold pieces
  2513 | D:3      | Found a snail-covered altar of Cheibriados.
  2533 | D:3      | Reached skill level 1 in Conjurations
  2533 | D:3      | Reached skill level 1 in Hexes
  2533 | D:3      | Reached skill level 1 in Summonings
  2533 | D:3      | Reached skill level 1 in Necromancy
  2533 | D:3      | Reached skill level 1 in Translocations
  2533 | D:3      | Reached skill level 1 in Transmutations
  2533 | D:3      | Reached skill level 1 in Fire Magic
  2533 | D:3      | Reached skill level 1 in Air Magic
  2533 | D:3      | Reached skill level 1 in Earth Magic
  2533 | D:3      | Reached skill level 1 in Poison Magic
  2799 | D:3      | Learned a level 4 spell: Hailstorm
  3217 | D:4      | Reached XP level 5. HP: 37/37 MP: 5/12
  3396 | D:4      | Noticed a phantom
  3441 | D:4      | Killed a phantom
  3442 | D:4      | Reached skill level 2 in Invocations
  3442 | D:4      | Reached XP level 6. HP: 4/44 MP: 13/13
  3790 | D:4      | Reached skill level 5 in Dodging
  3930 | D:4      | Identified the +3 mace of Duty {spect, rC+ Dex+3}
  4286 | D:5      | Entered Level 5 of the Dungeon
  4327 | D:5      | Reached XP level 7. HP: 40/50 MP: 12/15
  4480 | D:5      | Found a glowing drain.
  4486 | Sewer    | Entered a sewer
  4675 | Sewer    | Reached skill level 5 in Stealth
  5078 | Sewer    | Reached skill level 3 in Invocations
  5100 | Sewer    | Reached XP level 8. HP: 46/57 MP: 13/16
  6677 | D:6      | Found a staircase to the Ecumenical Temple.
  6688 | Temple   | Entered the Ecumenical Temple
  6807 | Temple   | Became a worshipper of Uskayaw the Reveller
  6869 | D:6      | Reached * piety under Uskayaw
  6918 | D:6      | Noticed a troll
  6923 | D:6      | Reached ** piety under Uskayaw
  6925 | D:6      | Reached *** piety under Uskayaw
  6926 | D:6      | Killed a troll
  6927 | D:6      | Reached skill level 4 in Invocations
  6927 | D:6      | Reached XP level 9. HP: 30/65 MP: 12/18
  6930 | D:6      | Reached **** piety under Uskayaw
  7229 | D:6      | Noticed a troll
  7235 | D:6      | Killed a troll
  7873 | D:6      | Reached ***** piety under Uskayaw
  8210 | D:7      | Acquired a +2 helmet of see invisible
  8368 | D:7      | Reached skill level 5 in Invocations
  8477 | D:7      | Noticed a two-headed ogre
  8527 | D:7      | Reached XP level 10. HP: 33/73 MP: 9/20
  8530 | D:7      | Killed a two-headed ogre
  8531 | D:7      | Reached skill level 5 in Fighting
  8531 | D:7      | Reached skill level 5 in Short Blades
  8531 | D:7      | Reached skill level 5 in Long Blades
  8531 | D:7      | Reached skill level 5 in Axes
  8531 | D:7      | Reached skill level 5 in Maces & Flails
  8531 | D:7      | Reached skill level 5 in Polearms
  8531 | D:7      | Reached skill level 5 in Staves
  8531 | D:7      | Reached skill level 5 in Slings
  8531 | D:7      | Reached skill level 5 in Bows
  8531 | D:7      | Reached skill level 5 in Crossbows
  8531 | D:7      | Reached skill level 5 in Throwing
  8531 | D:7      | Reached skill level 5 in Armour
  8531 | D:7      | Reached skill level 5 in Shields
  8531 | D:7      | Reached skill level 5 in Unarmed Combat
  8531 | D:7      | Reached skill level 5 in Evocations
  8572 | D:7      | Found a flagged portal.
  8583 | Bailey   | Entered a bailey
  8930 | Bailey   | Noticed an orc knight
  9060 | Bailey   | Noticed an orc knight
  9243 | Bailey   | Identified the +1 crystal plate armour of Vexation {Regen+
                  | Int+5}
  9304 | Bailey   | Killed an orc knight
  9353 | Bailey   | Killed an orc knight
  9354 | Bailey   | Reached skill level 6 in Invocations
 10036 | D:7      | Noticed Duvessa
 10039 | D:7      | Noticed Dowan
 10042 | D:7      | Killed Duvessa
 10044 | D:7      | Killed Dowan
 10473 | D:7      | Acquired a book of the Spheres
 10481 | D:7      | Learned a level 5 spell: Fireball
 10559 | D:8      | Noticed a centaur warrior
 10571 | D:8      | Killed a centaur warrior
 10630 | D:8      | Noticed a two-headed ogre
 10637 | D:8      | Killed a two-headed ogre
 10638 | D:8      | Reached XP level 11. HP: 38/81 MP: 13/22
 10658 | D:8      | Found a sand-covered staircase.
 10666 | Ossuary  | Entered an ossuary
 10997 | Ossuary  | Reached skill level 5 in Conjurations
 10997 | Ossuary  | Reached skill level 5 in Hexes
 10997 | Ossuary  | Reached skill level 5 in Summonings
 10997 | Ossuary  | Reached skill level 5 in Necromancy
 10997 | Ossuary  | Reached skill level 5 in Translocations
 10997 | Ossuary  | Reached skill level 5 in Transmutations
 10997 | Ossuary  | Reached skill level 5 in Fire Magic
 10997 | Ossuary  | Reached skill level 5 in Air Magic
 10997 | Ossuary  | Reached skill level 5 in Earth Magic
 10997 | Ossuary  | Reached skill level 5 in Poison Magic
 11711 | D:8      | Found a staircase to the Lair.
 12225 | D:9      | Noticed a centaur warrior
 12230 | D:9      | Killed a centaur warrior
 12462 | D:9      | Found Orekech's Distillery.
 12469 | D:9      | Bought a potion of heal wounds for 65 gold pieces
 12469 | D:9      | Bought a potion of attraction for 39 gold pieces
 12469 | D:9      | Bought a potion of heal wounds for 65 gold pieces
 12469 | D:9      | Bought a potion of resistance for 130 gold pieces
 12469 | D:9      | Bought a potion of degeneration for 13 gold pieces
 12469 | D:9      | Bought a potion of heal wounds for 65 gold pieces
 12511 | D:9      | Noticed Maggie
 12515 | D:9      | Noticed a brown ugly thing
 12531 | D:9      | Killed a brown ugly thing
 12532 | D:9      | Reached skill level 7 in Invocations
 12532 | D:9      | Killed Maggie
 13364 | D:10     | Entered Level 10 of the Dungeon
 13878 | D:10     | Found a staircase to the Orcish Mines.
 14179 | D:10     | Reached XP level 12. HP: 89/89 MP: 24/24
 14901 | D:11     | Noticed a two-headed ogre
 14914 | D:11     | Killed a two-headed ogre
 14924 | D:11     | Noticed a two-headed ogre
 14934 | D:11     | Killed a two-headed ogre
 15304 | D:11     | Noticed Harold
 15314 | D:11     | Killed Harold
 15482 | Lair:1   | Entered Level 1 of the Lair of Beasts
 15634 | Lair:1   | Reached skill level 8 in Invocations
 15943 | Lair:1   | Noticed Amaemon
 15957 | Lair:1   | Killed Amaemon
 16832 | Lair:2   | Found a transporter.
 16973 | Lair:2   | Found a transporter.
 16973 | Lair:2   | Noticed a death yak
 16995 | Lair:2   | Noticed NigelTetley's ghost (journeyman DECj)
 17011 | Lair:2   | Found a frozen archway.
 17021 | IceCv    | Entered an ice cave
 17756 | IceCv    | Noticed a reaper
 17765 | IceCv    | Reached XP level 13. HP: 62/98 MP: 16/26
 18198 | IceCv    | Killed a reaper
 18300 | IceCv    | Identified the ring "Iriteph" {rPois rF- rN++ AC+4 Int+2}
 20127 | Lair:3   | Found a staircase to the Shoals.
 20675 | Lair:4   | Reached skill level 9 in Invocations
 20940 | Lair:4   | Reached skill level 10 in Ice Magic
 20956 | Lair:4   | Found a staircase to the Snake Pit.
 22485 | Lair:5   | Reached skill level 10 in Spellcasting
 22745 | Lair:5   | Found a staircase to the Slime Pits.
 23363 | Lair:5   | Noticed Urug
 23385 | Lair:5   | Killed Urug
 23434 | Lair:5   | Got the Handbook of Entrancing Toxins
 24739 | Lair:6   | Entered Level 6 of the Lair of Beasts
 24739 | Lair:6   | Found the ring of the Octopus King
 24750 | Lair:6   | Reached skill level 10 in Dodging
 24750 | Lair:6   | Reached XP level 14. HP: 106/106 MP: 22/28
 24758 | Lair:6   | Reached ****** piety under Uskayaw
 24799 | Lair:6   | Identified a ring of the Octopus King {Wiz AC+1 EV+1 Str+1
                  | Int+1 Dex+1}
 25079 | Lair:6   | Noticed Josephine
 25092 | Lair:6   | Killed Josephine
 25093 | Lair:6   | Reached skill level 10 in Stealth
 25156 | Lair:6   | Reached skill level 10 in Invocations
 25919 | Lair:6   | Got the Papyrus of the Virous Blaze
 26679 | Orc:1    | Entered Level 1 of the Orcish Mines
 26679 | Orc:1    | Found Ulut's Overcharged Wands.
 26817 | Orc:1    | Found a transporter.
 26818 | Orc:1    | Noticed Crownlay's ghost (journeyman GrEE)
 26843 | Orc:1    | Noticed Erolcha
 26869 | Orc:1    | Killed Erolcha
 26996 | Orc:1    | Noticed Jorgrun
 27019 | Orc:1    | Killed Jorgrun
 27020 | Orc:1    | Reached XP level 15. HP: 35/115 MP: 14/29
 27157 | Orc:1    | Found a transporter.
 27782 | Orc:2    | Entered Level 2 of the Orcish Mines
 27782 | Orc:2    | Found a staircase to the Elven Halls.
 28209 | Orc:2    | Found Ubluyhabitt's Jewellery Shoppe.
 28405 | Orc:2    | Noticed Nessos
 28423 | Orc:2    | Killed Nessos
 28702 | Orc:2    | Found Zyloshroi's Antique Armour Boutique.
 28811 | Orc:2    | Noticed an orc warlord
 28820 | Orc:2    | Killed an orc warlord
 28822 | Orc:2    | Reached skill level 10 in Fighting
 28822 | Orc:2    | Reached skill level 10 in Short Blades
 28822 | Orc:2    | Reached skill level 10 in Long Blades
 28822 | Orc:2    | Reached skill level 10 in Axes
 28822 | Orc:2    | Reached skill level 10 in Maces & Flails
 28822 | Orc:2    | Reached skill level 10 in Polearms
 28822 | Orc:2    | Reached skill level 10 in Staves
 28822 | Orc:2    | Reached skill level 10 in Slings
 28822 | Orc:2    | Reached skill level 10 in Bows
 28822 | Orc:2    | Reached skill level 10 in Crossbows
 28822 | Orc:2    | Reached skill level 10 in Throwing
 28822 | Orc:2    | Reached skill level 10 in Armour
 28822 | Orc:2    | Reached skill level 10 in Shields
 28822 | Orc:2    | Reached skill level 10 in Unarmed Combat
 28822 | Orc:2    | Reached skill level 10 in Evocations
 28894 | Orc:2    | Found Estok's Antique Armour Shop.
 28896 | Orc:2    | Found Liyp's Antique Weapon Boutique.
 30018 | D:12     | Reached skill level 11 in Invocations
 30616 | D:13     | Got the Volume of Conjuration
 30713 | D:13     | Found a gate to the Vaults.
 31919 | D:14     | Found a runed translucent door.
 31922 | D:14     | Noticed Oruaneas's ghost (journeyman DrCj)
 32471 | D:14     | Killed Oruaneas's ghost
 33142 | D:15     | Entered Level 15 of the Dungeon
 33264 | D:15     | Identified the +5 scale mail "Palocife" {Rampage *Slow
                  | Str+6}
 33423 | D:15     | Noticed Rupert
 33430 | D:15     | Killed Rupert
 33431 | D:15     | Reached XP level 16. HP: 108/123 MP: 20/31
 34013 | D:15     | Found a staircase to the Depths.
 34324 | Snake:1  | Entered Level 1 of the Snake Pit
 34761 | Snake:1  | Noticed Louise
 34789 | Snake:1  | Killed Louise
 34867 | Snake:1  | Noticed Aizul
 34887 | Snake:1  | Killed Aizul
 35384 | Snake:1  | Reached skill level 12 in Invocations
 35958 | Snake:2  | Noticed a nagaraja
 35966 | Snake:2  | Killed a nagaraja
 36449 | Snake:2  | Found Uceme's Book Boutique.
 36449 | Snake:2  | Found Haamyut's Jewellery Shoppe.
 36450 | Snake:2  | Found Ryrox's Jewellery Shoppe.
 36460 | Snake:2  | Bought the amulet "Ighal" {Acrobat Will++ Int+4 Slay+2} for
                  | 995 gold pieces
 36814 | Snake:3  | Learned a level 4 spell: Summon Ice Beast
 36865 | Snake:3  | Reached XP level 17. HP: 77/131 MP: 20/33
 38559 | Snake:3  | Upgraded the game from 0.29-a0-234-g0dae59b3db to
                  | 0.29-a0-243-g602b31c20e
 39520 | Snake:4  | Entered Level 4 of the Snake Pit
 39579 | Snake:4  | Reached skill level 10 in Conjurations
 39579 | Snake:4  | Reached skill level 10 in Hexes
 39579 | Snake:4  | Reached skill level 10 in Summonings
 39579 | Snake:4  | Reached skill level 10 in Necromancy
 39579 | Snake:4  | Reached skill level 10 in Translocations
 39579 | Snake:4  | Reached skill level 10 in Transmutations
 39579 | Snake:4  | Reached skill level 10 in Fire Magic
 39579 | Snake:4  | Reached skill level 10 in Air Magic
 39579 | Snake:4  | Reached skill level 10 in Earth Magic
 39579 | Snake:4  | Reached skill level 10 in Poison Magic
 40146 | Snake:4  | Reached skill level 13 in Invocations
 40722 | Snake:4  | Reached XP level 18. HP: 90/140 MP: 33/35
 41126 | Snake:4  | Got a serpentine rune of Zot
 41504 | Snake:4  | Found a radiant altar of Vehumet.
 43445 | Snake:2  | Bought Ozocubu's Autobiography for 432 gold pieces
 43453 | Snake:2  | Learned a level 7 spell: Ozocubu's Refrigeration
 43572 | Shoals:1 | Entered Level 1 of the Shoals
 45167 | Shoals:2 | Found Pushribo's General Store.
 45375 | Shoals:2 | Bought a wand of acid (6) for 340 gold pieces
 45375 | Shoals:2 | Bought a scroll of teleportation for 51 gold pieces
 46471 | Shoals:2 | Cast into level 3 of the Abyss (merfolk impaler)
 46471 | Abyss:3  | Found a corrupted altar of Lugonu.
 47159 | Abyss:3  | Noticed a lich
 47169 | Abyss:3  | Gained mutation: You do not regenerate when monsters are
                  | visible. [a cacodemon]
 47170 | Abyss:3  | Killed a lich
 47175 | Shoals:2 | Escaped the Abyss
 47175 | Shoals:2 | HP: 2/142 [merfolk impaler/+3 trident of distortion (12)]
 47200 | Shoals:1 | HP: 6/142 [sixfirhy[a cacodemon] (10)]
 48094 | Shoals:3 | Learned a level 4 spell: Dispel Undead
 48143 | Shoals:3 | Reached XP level 19. HP: 124/148 MP: 36/36
 48969 | Shoals:4 | Entered Level 4 of the Shoals
 48983 | Shoals:4 | Reached skill level 14 in Invocations
 50287 | Shoals:4 | HP: 3/149 [manticore/volley of spikes (8)]
 50290 | Shoals:4 | Succumbed to barbed spike wounds

Illustrated notes

Levels and vault maps discovered:
D:1:      dpeg_arrival_windows_large_door, layout_basic,
          ebering_ecumenical_altar_box, minmay_heptomino_d4
D:2:      layout_rooms, minivault_25, st_stairs_8,
          amcnicky_mini_rare_corridor_liquid
D:3:      layout_loops_ring, slow_altar_2, serial_shops, shop
D:4:      layout_rooms
D:5:      layout_loops_ring, lightli_sewer_entry_pipes
D:6:      nicolae_cairo_tiling, layout_rooms,
          minmay_temple_entry_drinking_statues
D:7:      kennysheep_big_flooded_room, layout_loops_ring, enter_bailey_3,
          uniq_duvessa
D:8:      layout_gridville, david_lair_shrubbed, nicolae_ossuary_entry_plus,
          minmay_misc_feat_rugged
D:9:      layout_basic, serial_shops, nicolae_shop_trees, uniq_maggie
D:10:     layout_basic, hiddenorc2_lemuel
D:11:     layout_long_grid, uniq_harold
D:12:     layout_gridville, corexii_checkpoint_b, patterned_corridor
D:13:     layout_small_grid, david_vaults_2
D:14:     layout_gridville, ebering_ghost_reflecting_pool
D:15:     grunt_enter_depths_hoard, layout_cave_pools, minivault_25, uniq_rupert
Temple:   kilobyte_greek_temple
Lair:1:   layout_gridlike, grunt_megastairs_5, uniq_amaemon
Lair:2:   layout_chaotic_city, portal_ice_cave_entry_pillars_1,
          gammafunk_ghost_berserking_beasts
Lair:3:   layout_gridlike, elwin_shoals_entry_rooms, st_stairs_8,
          cheibrodos_lair_lostbears
Lair:4:   layout_gridlike, dummy_snake_entry, chequers_serial_rivers_large_b
Lair:5:   layout_cave_pods, nicolae_slime_entry_slimehenge, uniq_urug
Lair:6:   minmay_lair_end_frog_pond, layout_gridlike, uniq_josephine
Shoals:1: layout_shoals, st_shoals_ruin
Shoals:2: layout_shoals, serial_shops, nicolae_stop_n_shop_2
Shoals:3: layout_shoals, nzn_prometheus_bound
Shoals:4: shoals_end_simple, layout_shoals, serial_shops, nicolae_lakefront_shop
Snake:1:  layout_gridlike, uniq_louise, uniq_aizul
Snake:2:  layout_misc_corridors, minmay_shop_grove, grunt_megastairs_3
Snake:3:  onia_ninara_swampy_vault, layout_gridlike
Snake:4:  grunt_snake_rune_spirals, layout_onion, basic_altar,
          nicolae_snake_slithery_corners
Orc:1:    layout_caves, gammafunk_ghost_arena, nicolae_shop_overcharged_wands,
          uniq_erolcha, uniq_jorgrun
Orc:2:    grunt_orc_community_town_hall, layout_caves,
          grunt_orc_community_big_house_2, grunt_orc_community_big_house_1,
          grunt_orc_community_house_1, grunt_orc_community_house_2,
          grunt_orc_community_house_2, grunt_orc_community_house_2,
          grunt_orc_community_house_3, uniq_nessos

Skill      XL: |  1  2  3  4  5  6  7  8  9 10 11 12 13 14 15 16 17 18 19 |
---------------+----------------------------------------------------------+-----
Spellcasting   | 5 6 7 8 9 10 11 12 13 | 13.9
Invocations    | 1 2 3 4 5 6 7 8 9 10 11 12 13 14 | 14.1
Fighting       | 1 2 3 4 5 6 7 8 9 10 11 12 13 | 13.0
Short Blades   | 1 2 3 4 5 6 7 8 9 10 11 12 13 | 13.0
Long Blades    | 1 2 3 4 5 6 7 8 9 10 11 12 13 | 13.0
Axes           | 1 2 3 4 5 6 7 8 9 10 11 12 13 | 13.0
Maces & Flails | 1 2 3 4 5 6 7 8 9 10 11 12 13 | 13.0
Polearms       | 1 2 3 4 5 6 7 8 9 10 11 12 13 | 13.0
Staves         | 1 2 3 4 5 6 7 8 9 10 11 12 13 | 13.0
Slings         | 1 2 3 4 5 6 7 8 9 10 11 12 13 | 13.0
Bows           | 1 2 3 4 5 6 7 8 9 10 11 12 13 | 13.0
Crossbows      | 1 2 3 4 5 6 7 8 9 10 11 12 13 | 13.0
Throwing       | 1 2 3 4 5 6 7 8 9 10 11 12 13 | 13.0
Armour         | 1 2 3 4 5 6 7 8 9 10 11 12 13 | 13.0
Shields        | 1 2 3 4 5 6 7 8 9 10 11 12 13 | 13.0
Unarmed Combat | 1 2 3 4 5 6 7 8 9 10 11 12 13 | 13.0
Evocations     | 1 2 3 4 5 6 7 8 9 10 11 12 13 | 13.0
Conjurations   | 1 2 3 4 5 6 7 8 9 10 11 | 11.1
Hexes          | 1 2 3 4 5 6 7 8 9 10 11 | 11.1
Summonings     | 1 2 3 4 5 6 7 8 9 10 11 | 11.1
Necromancy     | 1 2 3 4 5 6 7 8 9 10 11 | 11.1
Translocations | 1 2 3 4 5 6 7 8 9 10 11 | 11.1
Transmutations | 1 2 3 4 5 6 7 8 9 10 11 | 11.1
Fire Magic     | 1 2 3 4 5 6 7 8 9 10 11 | 11.1
Air Magic      | 1 2 3 4 5 6 7 8 9 10 11 | 11.1
Earth Magic    | 1 2 3 4 5 6 7 8 9 10 11 | 11.1
Poison Magic   | 1 2 3 4 5 6 7 8 9 10 11 | 11.1
Dodging        | 5 6 7 8 9 10 11 12 13 | 13.8
Stealth        | 5 6 7 8 9 10 11 12 13 | 13.7
Ice Magic      | 8 9 10 11 12 13 | 13.0

Action                   |  1- 3 |  4- 6 |  7- 9 | 10-12 | 13-15 | 16-18 | 19-21 || total
-------------------------+-------+-------+-------+-------+-------+-------+-------++-------
Melee: Short sword       |    10 |       |       |       |       |       |       ||    10
       Dagger            |    19 |    91 |       |       |       |       |       ||   110
       Bite              |     2 |    12 |    24 |    64 |   139 |   116 |     7 ||   364
       Punch             |       |     1 |     4 |       |       |       |       ||     5
       Mace              |       |    17 |   180 |   395 |   785 |   517 |       ||  1894
       Trident           |       |       |       |     5 |       |       |       ||     5
       Demon trident     |       |       |       |       |       |   371 |   146 ||   517
Throw: Dart              |       |       |     3 |    42 |   125 |    70 |       ||   240
       Throwing net      |       |       |       |       |     7 |     2 |       ||     9
       Javelin           |       |       |       |       |    13 |     8 |       ||    21
       Boomerang         |       |       |       |       |   122 |   462 |    64 ||   648
 Cast: Freeze            |    49 |     6 |     2 |       |     2 |     3 |       ||    62
       Frozen Ramparts   |       |    10 |    29 |    56 |    95 |   173 |    20 ||   383
       Ozocubu's Armour  |       |     9 |    17 |    39 |    67 |   102 |    12 ||   246
       Hailstorm         |       |       |     5 |    19 |    37 |    49 |    14 ||   124
       Fireball          |       |       |       |    10 |     5 |     4 |       ||    19
       Summon Ice Beast  |       |       |       |       |       |     9 |       ||     9
       Ozocubu's Refrige |       |       |       |       |       |     2 |     3 ||     5
Invok: Grand Finale      |       |       |       |       |     1 |       |       ||     1
Evoke: Wand              |       |       |     3 |     5 |    16 |    20 |     1 ||    45
  Use: Scroll            |     2 |     3 |     6 |    16 |     4 |     6 |     4 ||    41
       Potion            |       |     3 |       |       |     1 |     5 |     4 ||    13
 Stab: Sleeping          |     2 |     4 |    12 |    26 |    17 |     2 |     1 ||    64
       Paralysed         |       |       |     3 |    29 |    41 |    83 |    13 ||   169
       Distracted        |       |       |     1 |     2 |    10 |     3 |       ||    16
       Held in net/web   |       |       |       |       |     1 |       |       ||     1
Armor: Robe              |     9 |     7 |    37 |    77 |   229 |   253 |    46 ||   658
       Ice dragon scales |       |       |       |       |    15 |       |       ||    15
Dodge: Dodged            |    27 |    41 |   156 |   237 |   530 |   635 |    90 ||  1716
Block: Buckler           |       |       |     6 |   166 |   353 |   145 |       ||   670
       Kite shield       |       |       |       |       |       |   350 |    82 ||   432
       Reflection        |       |       |       |       |       |    39 |    12 ||    51

Table legend: (Time is in decaauts)
 A = Elapsed time spent in this place.
 B = Non-inter-level travel time spent in this place.
 C = Inter-level travel time spent in this place.
 D = Time resting spent in this place.
 E = Time spent auto-exploring this place.
 F = Levels seen in this place.
 G = Mean time per level.
                   A        B        C        D        E       F      G
               +--------+--------+--------+--------+--------+-----+--------+
         Total |  50583 |  48051 |   2532 |   2136 |  34495 |  37 | 1367.1 |
       Dungeon |  17408 |  15868 |   1540 |     95 |  12548 |  15 | 1160.5 |
        Temple |    174 |    137 |     37 |      0 |    105 |   1 |  174.0 |
          Lair |  10207 |   9742 |    465 |     52 |   8050 |   6 | 1701.2 |
        Shoals |   5951 |   5773 |    178 |    714 |   3234 |   4 | 1487.8 |
     Snake Pit |   9098 |   8854 |    244 |    374 |   6353 |   4 | 2274.5 |
  Orcish Mines |   2668 |   2602 |     66 |      0 |   1810 |   2 | 1334.0 |
         Abyss |    674 |    674 |      0 |    388 |     36 |   1 |  674.0 |
         Sewer |   1094 |   1094 |      0 |      0 |    824 |   1 | 1094.0 |
       Ossuary |    663 |    663 |      0 |      0 |    464 |   1 |  663.0 |
        Bailey |   1291 |   1291 |      0 |     73 |    736 |   1 | 1291.0 |
      Ice Cave |   1350 |   1350 |      0 |    440 |    333 |   1 | 1350.0 |
               +--------+--------+--------+--------+--------+-----+--------+

Top non-repeatable levels by time:
 Snake:4: 3842 daAuts
 Snake:3: 2834 daAuts
  Lair:5: 2332 daAuts
  Lair:3: 1943 daAuts
Shoals:1: 1871 daAuts
  Lair:4: 1855 daAuts
Shoals:2: 1776 daAuts
  Lair:6: 1719 daAuts
     D:3: 1536 daAuts
   Orc:2: 1533 daAuts
     D:5: 1401 daAuts
    D:10: 1393 daAuts
     D:6: 1379 daAuts
  Lair:1: 1377 daAuts
    D:14: 1367 daAuts
